 Dungeon Crawl Stone Soup version 0.26.1-11-gd32895ea62 (webtiles) character file.

Game seed: 6926710586970990134

11216 H0rd4k the Martial Artist (level 11, -26/70 HPs)
             Began as an Octopode Transmuter on June 2, 2021.
             Was an Initiate of Gozag.
             Annihilated by Erolcha
             ... wielding a +0 giant club
              (32 damage)
             ... on level 10 of the Dungeon.
             The game lasted 00:24:00 (16625 turns).

H0rd4k the Martial Artist (Octopode Transmuter)    Turns: 16625, Time: 00:24:01

Health: -26/70     AC:  5    Str: 10    XL:     11   Next: 74%
Magic:  18/23      EV: 16    Int: 19    God:    Gozag
Gold:   758        SH:  0    Dex: 12    Spells: 15/26 levels left

rFire    . . .     SeeInvis .     - Unarmed
rCold    . . .     Faith    .   (shield currently unavailable)
rNeg     . . .     Spirit   .   (helmet restricted)
rPois    .         Reflect  .   (no amulet)
rElec    .         Harm     .   g - +4 ring of protection
rCorr    .         Rampage  .   (no ring)
Will     .....                  (no ring)
Stlth    +++.......             (no ring)
HPRegen  0.21/turn              (no ring)
MPRegen  0.18/turn              (no ring)
                                (no ring)
                                (no ring)

@: blade tentacles
A: almost no armour, stealthy swim, amphibious, 8 rings, constrict 8, camouflage
1, gelatinous body 1
a: End Transformation, Renounce Religion, Potion Petition, Call Merchant, Bribe
Branch


You were on level 10 of the Dungeon.
You worshipped Gozag.
Gozag was pleased with you.
You had blades for tentacles.
You visited 2 branches of the dungeon, and saw 11 of its levels.
You also visited: Ossuary.

You collected 1655 gold pieces.
You spent 825 gold pieces at shops.
You paid 72 gold pieces to Gozag.

Inventory:

Missiles
 b - 2 curare-tipped darts
 c - 34 poisoned darts (quivered)
 m - 2 atropa-tipped darts
Jewellery
 d - the ring of Hynuoga {*Tele rF+++ rC- Str-4 Stlth+}
   (You found it on level 7 of the Dungeon)

   [ring of teleportation]

   It may teleport you next to monsters.
   It affects your strength (-4).
   It renders you almost immune to fire.
   It makes you vulnerable to cold.
   It makes you more stealthy.
 g - a +4 ring of protection (left scythe-like blade)
Wands
 r - a wand of flame (20)
 D - a wand of enslavement (16)
Scrolls
 a - 5 scrolls of remove curse
 e - 2 scrolls of fear
 f - 7 scrolls of teleportation
 i - 3 scrolls of enchant armour {unknown}
 j - 3 scrolls of amnesia {unknown}
 k - 5 scrolls of blinking {unknown}
 q - 2 scrolls of enchant weapon {unknown}
 t - 2 scrolls of magic mapping {unknown}
 u - 2 scrolls of vulnerability
 v - 5 scrolls of identify
 w - 6 scrolls of random uselessness {unknown}
 x - 3 scrolls of immolation {unknown}
 y - 4 scrolls of noise {unknown}
 B - a scroll of holy word {unknown}
 G - 3 scrolls of acquirement {unknown}
Potions
 h - 2 potions of brilliance
 l - a potion of invisibility
 n - 2 potions of flight
 o - 2 potions of attraction
 p - 4 potions of mutation
 s - a potion of berserk rage
 z - 9 potions of degeneration
 A - 2 potions of magic
 C - 2 potions of might
 E - a potion of lignification {unknown}
 F - 2 potions of curing


   Skills:
 + Level 4.8 Fighting
 + Level 6.1 Dodging
 + Level 3.4 Stealth
 + Level 11.3 Unarmed Combat
 + Level 8.4 Spellcasting
 + Level 7.6 Transmutations
 + Level 4.5 Poison Magic
 + Level 0.7 Evocations


You had 15 spell levels left.
You knew the following spells:

 Your Spells              Type           Power        Failure   Level
a - Beastly Appendage     Tmut           74%          11%         1
b - Spider Form           Tmut/Pois      15%          22%         3
c - Blade Hands           Tmut           18%          47%         5
d - Searing Ray           Conj           16%          52%         2

Your spell library contained the following spells:

 Spells                   Type           Power        Failure   Level
 Wereblood                Tmut           37%          12%         2
 Magic Dart               Conj           32%          43%         1
 Ice Form                 Ice/Tmut       22%          61%         4
 Dazzling Flash           Conj/Hex       16%          69%         3
 Irradiate                Conj/Tmut      11%          85%         5
 Hydra Form               Tmut           18%          87%         6
 Fulminant Prism          Conj/Hex       4%           94%         4
 Iskenderun's Mystic Bla  Conj/Tloc      8%           94%         4
 Statue Form              Tmut/Erth      14%          99%         6
 Dragon Form              Tmut           18%          100%        7


Dungeon Overview and Level Annotations

Branches:
Dungeon (10/15)            Temple (1/1) D:5             Orc (0/2) D:10
Ossuary (visited)
   Lair: D:8-11

Altars:
Ashenzari
Cheibriados
Dithmenos
Elyvilon
Fedhas
Gozag
Hepliaklqana
Kikubaaqudgha
Makhleb
Nemelex Xobeh
Okawaru
Qazlal
Ru
Sif Muna
Trog
Uskayaw
Vehumet
Wu Jian
Xom
Yredelemnul
Zin
The Shining One

Shops:
D:6 }:((:   D:8 **(!

Annotations:
D:9 exclusions: downstairs and upstairs
D:10 Erolcha


Innate Abilities, Weirdness & Mutations

You cannot wear most types of armour.
You are very stealthy in the water. (Stealth+)
You are amphibious.
You can wear up to eight rings at the same time.
You can use your tentacles to constrict eight enemies at once.
Your skin changes colour to match your surroundings (Stealth+).
Your rubbery body absorbs attacks. (AC +1, EV +1)


Message History

There is an open door, spattered with blood here.
You now have 735 gold pieces (gained 6).
There is an open door here.
You now have 758 gold pieces (gained 23).
Erolcha mumbles some strange words.
Erolcha seems to speed up.
Erolcha is nearby!
You open the door.
There is an open door here.
Casting: Spider Form (mildly dangerous; 2% risk of failure)
Confirm with . or Enter, or press ? or * to list all spells.
Your tentacles turn into razor-sharp scythe blades.
Erolcha points at you and mumbles some strange words.
The crystal spear hits you!!!
Ouch! That really hurt!
Erolcha hits you with a +0 giant club!!
* * * LOW HITPOINT WARNING * * *
You hit Erolcha but do no damage. Erolcha hits you with a +0 giant club!!
You die...
Your body crumbles into a pile of gold.

.#.#.#.#.#.#.#.#.
#.#.#.#.#.#.#.#.# .#
#.#.#.#.#.#.#.#. ###.#
#.#.#.#.#.#.#.#
..#.#.#.#.#.#.#.#.#.
#.#.#.#.>.#.#.#.#.#
##.#.#'#.#.#.#.#.#.
#.#.#...#.#.#.#.#.#
##@#'...+#.#.#.#.#.
#####'#O#...#.#.#.#.#.#
#......#.#+#.#.#.#.#+#.
#......'#.#.#.#.#......
#......#.#.#.#.#.#.....
#......'#'#+#+#+#'.$...
#......................
#................ .....
#.............### .....


You could see Erolcha (fast).

Vanquished Creatures
  A two-headed ogre (D:8)
  A centaur warrior (D:10)
  Nergalle (D:10)
  Pikel (D:6)
  An ugly thing (D:10)
  A gargoyle (D:10)
  A centaur skeleton (D:10)
  Grinder (D:6)
  Prince Ribbit (D:9)
  A troll (D:7)
  A hornet (D:10)
  A shadow (D:10)
  Sigmund (D:5)
  5 yaks (D:10)
  A steam dragon (D:10)
  Menkaure (D:5)
  4 orc warriors
  4 sky beasts
  3 ice beasts
  2 phantoms
  6 ogres
  3 necrophages
  7 centaurs
  2 big kobolds
  Blork the orc (D:4)
  8 bullfrogs
  2 scorpions
  A water moccasin skeleton (D:10)
  11 killer bees
  4 wights (D:9)
  A howler monkey (D:10)
  A bullfrog zombie (D:7)
  3 centaur zombies
  6 hounds
  3 jellies
  3 bullfrog skeletons
  4 orc priests
  2 iguanas
  Terence (D:3)
  7 orc wizards
  6 worker ants
  A killer bee zombie (D:8)
  4 mummies (Ossuary)
  A howler monkey zombie (D:5)
  8 gnolls
  14 adders
  A shadow imp (D:7)
  2 white imps
  An ufetubus (D:8)
  2 oozes
  3 worms
  An adder skeleton (D:6)
  An adder zombie (D:7)
  2 dart slugs
  8 leopard geckos
  24 orcs
  8 giant cockroaches
  6 goblins
  9 hobgoblins
  15 jackals
  3 quokkas
  5 bats
  15 frilled lizards
  A giant cockroach zombie (D:6)
  4 goblin zombies (Ossuary)
  2 hobgoblin zombies (Ossuary)
  18 kobolds
  2 kobold zombies (Ossuary)
  A quokka zombie (D:7)
  11 rats
288 creatures vanquished.

Vanquished Creatures (others)
  9 plants
9 creatures vanquished.

Grand Total: 297 creatures vanquished

Notes
Turn   | Place    | Note
-------+----------+-------------------------------------------
     0 | D:1      | H0rd4k the Octopode Transmuter began the quest for the Orb.
     0 | D:1      | Reached XP level 1. HP: 13/13 MP: 3/3
   643 | D:1      | Reached XP level 2. HP: 17/18 MP: 5/5
  1045 | D:1      | Reached XP level 3. HP: 17/23 MP: 6/6
  1194 | D:1      | Learned a level 3 spell: Spider Form
  1875 | D:2      | HP: 1/23 [worker ant (3)]
  1878 | D:2      | Reached skill level 4 in Unarmed Combat
  1878 | D:2      | Reached skill level 1 in Poison Magic
  1878 | D:2      | Reached XP level 4. HP: 6/28 MP: 7/7
  1899 | D:2      | HP: 1/28 [poisoned by a worker ant]
  3009 | D:2      | Found a faded altar of an unknown god.
  3051 | D:2      | Reached XP level 5. HP: 22/33 MP: 7/9
  3630 | D:3      | You fall into a shaft and drop 1 floor!
  4220 | D:3      | Found a hazy altar of Hepliaklqana.
  4540 | D:3      | Noticed Terence
  4563 | D:3      | Killed Terence
  4576 | D:3      | Reached XP level 6. HP: 34/39 MP: 8/10
  4710 | D:4      | Found a shimmering altar of Xom.
  4710 | D:4      | Found a shimmering altar of Xom.
  4710 | D:4      | Found a shimmering altar of Xom.
  4745 | D:4      | Found a shimmering altar of Xom.
  4783 | D:4      | Reached skill level 5 in Unarmed Combat
  4974 | D:4      | Reached XP level 7. HP: 30/45 MP: 9/12
  5432 | D:4      | Found a shimmering altar of Xom.
  5432 | D:4      | Found a shimmering altar of Xom.
  5440 | D:4      | Noticed Blork the orc
  5667 | D:5      | Entered Level 5 of the Dungeon
  5690 | D:5      | Reached skill level 6 in Unarmed Combat
  5921 | D:5      | Learned a level 5 spell: Blade Hands
  5950 | D:5      | Found an ornate altar of the Wu Jian Council.
  6169 | D:5      | Reached XP level 8. HP: 44/50 MP: 10/14
  6409 | D:5      | Noticed Sigmund
  6417 | D:5      | Killed Sigmund
  6590 | D:5      | Reached skill level 7 in Unarmed Combat
  6641 | D:5      | Found a staircase to the Ecumenical Temple.
  6662 | Temple   | Entered the Ecumenical Temple
  6926 | Temple   | Became a worshipper of Gozag Ym Sagoz the Greedy
  7079 | D:6      | Noticed Pikel
  7092 | D:6      | Killed Pikel
  7093 | D:6      | Reached skill level 5 in Spellcasting
  7093 | D:6      | Reached XP level 9. HP: 55/55 MP: 9/16
  7236 | D:6      | Found Nall's Weapon Shop.
  7263 | D:6      | Reached skill level 8 in Unarmed Combat
  7326 | D:6      | Found a sand-covered staircase.
  7360 | Ossuary  | Entered an ossuary
  7438 | Ossuary  | Reached skill level 5 in Transmutations
  8164 | D:6      | Noticed Menkaure
  8422 | D:5      | Killed Menkaure
  8799 | D:6      | Noticed Grinder
  9126 | D:6      | Found Luppirharghy's Book Shoppe.
  9360 | D:6      | Found Qehil's Gadget Emporium.
  9420 | D:6      | Found Hufezotin's Book Shop.
  9782 | D:7      | Learned a level 2 spell: Searing Ray
  9843 | D:7      | Found a shadowy altar of Dithmenos.
 10074 | D:7      | Reached skill level 9 in Unarmed Combat
 10402 | D:7      | Reached XP level 10. HP: 62/62 MP: 19/19
 10581 | D:7      | Got a bound bronze ring
 10615 | D:7      | Reached skill level 5 in Dodging
 11019 | D:7      | Identified the ring of Hynuoga {*Tele rF+++ rC- Str-4
                  | Stlth+} (You found it on level 7 of the Dungeon)
 11350 | D:8      | Found a sparkling altar of Nemelex Xobeh.
 11390 | D:8      | Found Puoburch's Distillery.
 11423 | D:8      | Noticed a two-headed ogre
 11442 | D:8      | Killed a two-headed ogre
 11556 | D:8      | Found Fedopo's Weapon Emporium.
 11564 | D:8      | Found Nusoawonu's General Store.
 11589 | D:8      | Found Epesug's Assorted Antiques.
 11721 | D:8      | Found a shimmering blue altar of Sif Muna.
 11961 | D:9      | Reached skill level 10 in Unarmed Combat
 12236 | D:9      | Noticed Prince Ribbit
 12475 | D:9      | Killed Prince Ribbit
 12543 | D:9      | Reached skill level 1 in Stealth
 13267 | D:6      | Found Uwnah's Weapon Shop.
 13273 | D:6      | Killed Grinder
 13476 | D:4      | Killed Blork the orc
 13641 | D:6      | Bought a book of Transfigurations for 825 gold pieces
 13717 | D:10     | Entered Level 10 of the Dungeon
 13755 | D:10     | Noticed a two-headed ogre
 13756 | D:10     | Noticed a gargoyle
 13763 | D:10     | Reached XP level 11. HP: 60/69 MP: 17/22
 14064 | D:10     | Noticed a centaur warrior
 14182 | D:10     | Killed a centaur warrior
 14211 | D:10     | Noticed a white ugly thing
 14911 | D:10     | Noticed Nergalle
 14922 | D:10     | Killed Nergalle
 15558 | D:10     | Killed a white ugly thing
 15559 | D:10     | Reached skill level 11 in Unarmed Combat
 16490 | D:10     | Found a staircase to the Orcish Mines.
 16494 | D:10     | Noticed Erolcha
 16625 | D:10     | Annihilated by Erolcha

Illustrated notes

Levels and vault maps discovered:
D:1:      lemuel_arrival_rhombus, layout_basic, minmay_lizard_king
D:2:      layout_loops_corners, chequers_ecumenical_altar_lobes
D:3:      layout_loops_ring, nzn_hepliaklqana_mist_gate, uniq_terence
D:4:      layout_basic, xom_redecorated, uniq_blork_the_orc
D:5:      layout_rooms, kennysheep_mini, minmay_temple_entry_statues_fountains,
          uniq_sigmund
D:6:      layout_basic, serial_shops, shop, nicolae_shop_trees, shop_statue,
          nicolae_shop_window_shopping, kennysheep_mini_moat, enter_ossuary_1,
          uniq_menkaure, uniq_pikel, uniq_grinder
D:7:      layout_loops_ring, grunt_dithmenos_smoke_and_mirrors
D:8:      layout_basic, nicolae_overflow_hidden_temple, lemuel_round_altar,
          serial_shops, nicolae_shop_statue_plus, shop, shop,
          nicolae_shop_window_shopping, dk_vineyard_3
D:9:      layout_cave_pools, serial_column_ruins, column_ruins_hut_pillars,
          column_ruins_hut_ruined, column_ruins_open_tiny, column_ruins_grid_1,
          column_ruins_open_tiny, column_ruins_grid_3, column_ruins_grid_3,
          column_ruins_columns_straight, minmay_misc_feat_more_columns,
          uniq_prince_ribbit1
D:10:     cheibrodos_ideogram_h, layout_basic, orc_0_dummy, roderic_batcave,
          hangedman_decor_points, uniq_fannar, uniq_erolcha, uniq_nergalle
Temple:   regret_index_temple_sphere_string

Skill      XL: |  1  2  3  4  5  6  7  8  9 10 11 |
---------------+----------------------------------+-----
Unarmed Combat | 4 5 6 7 9 10 11 | 11.3
Poison Magic   | 1 2 3 4 |  4.5
Spellcasting   | 3 4 5 6 7 8 |  8.4
Fighting       | 2 4 |  4.8
Dodging        | 3 4 5 6 |  6.1
Transmutations | 3 4 5 7 |  7.6
Stealth        | 2 3 |  3.4
Evocations     | |  0.7

Action                   |  1- 3 |  4- 6 |  7- 9 | 10-12 || total
-------------------------+-------+-------+-------+-------++-------
Melee: Unarmed           |    99 |   158 |   327 |   272 ||   856
       Constrict         |    27 |    36 |    14 |    23 ||   100
       Tentacles         |    17 |    16 |    11 |    18 ||    62
       Punch             |       |     9 |     5 |    13 ||    27
 Cast: Spider Form       |       |     5 |    30 |    16 ||    51
       Blade Hands       |       |       |     1 |    18 ||    19
Evoke: Wand              |       |       |     5 |     5 ||    10
  Use: Potion            |     1 |     2 |     4 |       ||     7
       Scroll            |       |       |    13 |     1 ||    14
 Stab: Sleeping          |     2 |     7 |       |     1 ||    10
       Distracted        |       |       |     2 |     1 ||     3
Armor: Skin              |     4 |     9 |    37 |    26 ||    76
Dodge: Dodged            |    60 |    95 |   236 |   211 ||   602
